 Dungeon Crawl Stone Soup version 0.31-a0-210-gccc998df9b (webtiles) character file.

Game seed: 11351653448283955996

27633 rabbitsville the Arsonist (level 13, -4/86 HPs)
             Began as a Hill Orc Fire Elementalist on June 29, 2023.
             Was an Elder of Sif Muna.
             Killed themself with a badly aimed concussive blast (13 damage)
             ... on level 1 of the Lair of Beasts on June 30, 2023.
             The game lasted 01:20:50 (20002 turns).

rabbitsville the Arsonist (HOFE)                   Turns: 20002, Time: 01:20:50

Health: -4/86      AC: 14    Str: 12    XL:     13   Next: 33%
Magic:  2/27       EV: 11    Int: 25    God:    Sif Muna [****..]
Gold:   1076       SH:  0    Dex: 11    Spells: 17/32 levels left

rFire   + . .        K - +3 trident of Hepliaklqana's Esteem {vamp, rN+ Will+ rCorr}
rCold   . . .        (no shield)
rNeg    + . .        S - +2 troll leather armour
rPois   .            p - +2 helmet
rElec   .            y - +0 cloak
rCorr   +            Q - +2 pair of gloves
SInv    .            Z - +0 pair of boots {Fly}
Will    +....        Y - amulet of regeneration
Stlth   +            X - +6 ring of intelligence
HPRegen 1.94/turn    R - ring of protection from fire
MPRegen 0.20/turn

%: no passive effects
@: flying
A: no striking features
a: Renounce Religion, Channel Magic, Forget Spell, Divine Exegesis


You were on level 1 of the Lair of Beasts.
You worshipped Sif Muna.
Sif Muna was greatly pleased with you.
You visited 4 branches of the dungeon, and saw 16 of its levels.
You also visited: Ossuary.

You collected 1499 gold pieces.
You spent 423 gold pieces at shops.

Inventory:

Hand Weapons
 f - a +3 dagger
 K - the +3 trident of Hepliaklqana's Esteem (weapon) {vamp, rN+ Will+ rCorr}
   (You found it on level 8 of the Dungeon)

   rN:        It protects you from negative energy.
   rCorr:     It protects you from acid and corrosion.
   Will:      It increases your willpower.
Armour
 a - a +0 robe
 l - an orb of energy
 p - a +2 helmet (worn)
 y - a +0 cloak (worn)
 L - a +0 robe of positive energy
 M - a +0 pair of gloves
 Q - a +2 pair of gloves (worn)
 S - a +2 troll leather armour (worn)
 Z - a +0 pair of boots of flying (worn)
Magical Staves
 i - a staff of fire
Jewellery
 O - a +4 ring of slaying
 R - a ring of protection from fire (right hand)
 T - a ring of flight
 X - a +6 ring of intelligence (left hand)
 Y - an amulet of regeneration (around neck)
Wands
 n - a wand of iceblast (2)
 r - a wand of polymorph (12)
 z - a wand of flame (31)
 A - a wand of charming (10)
 B - a wand of digging (2)
 D - a wand of acid (9)
Scrolls
 c - 4 scrolls of teleportation
 d - 6 scrolls of revelation
 e - 4 scrolls of identify
 g - 3 scrolls of enchant armour
 h - 4 scrolls of fear
 j - a scroll of brand weapon {unknown}
 k - 3 scrolls of amnesia
 o - 5 scrolls of immolation
 q - a scroll of acquirement {unknown}
 t - 2 scrolls of noise {unknown}
 v - a scroll of blinking
 x - 2 scrolls of summoning {unknown}
 E - a scroll of fog {unknown}
 F - 3 scrolls of torment
 H - a scroll of vulnerability {unknown}
 J - 3 scrolls of enchant weapon
Potions
 b - 3 potions of magic
 m - 3 potions of mutation
 s - 2 potions of might
 u - a potion of haste
 w - a potion of berserk rage {unknown}
 C - 2 potions of curing
 G - 3 potions of brilliance
 I - 2 potions of cancellation {unknown}
 N - a potion of degeneration {unknown}
 P - a potion of heal wounds
 U - a potion of resistance {unknown}
 V - 2 potions of attraction {unknown}
 W - a potion of enlightenment {unknown}


   Skills:
 - Level 1.5 Dodging
 - Level 1.5 Stealth
 - Level 10.0 Spellcasting
 + Level 6.3 Conjurations
 - Level 7.5 Hexes
 - Level 5.0 Translocations
 * Level 3.8 Transmutations
 - Level 14.0 Fire Magic
 + Level 6.3 Invocations


You had 17 spell levels left.
You knew the following spells:

 Your Spells              Type           Power      Damage    Failure   Level
a - Foxfire               Conj/Fire      100%       2x1d9     1%          1
b - Scorch                Fire           100%       2d9       1%          2
c - Volatile Blastmotes   Fire/Tloc      100%       2d18      1%          3
d - Flame Wave            Conj/Fire      59%        2d14      1%          4
e - Yara's Violent Unrav  Hex/Tmut       20%        3d9       17%         5

Your spell library contained the following spells:

 Spells                   Type           Power      Damage    Failure   Level
 Magic Dart               Conj           100%       1d8       1%          1
 Searing Ray              Conj           88%        2d7       1%          2
 Inner Flame              Hex/Fire       60%        N/A       1%          3
 Tukima's Dance           Hex            50%        N/A       1%          3
 Fulminant Prism          Conj/Hex       23%        3d12      3%          4
 Necrotise                Necr           48%        1d6       6%          1
 Passage of Golubria      Tloc           37%        N/A       8%          4
 Vampiric Draining        Necr           12%        2d6       19%         3
 Agony                    Necr           12%        N/A       86%         5
 Enfeeble                 Hex            25%        N/A       94%         7


Dungeon Overview and Level Annotations

Branches:
Dungeon (11/15)            Temple (1/1) D:7            Lair (2/5) D:11
 Spider (0/4) Lair:2          Orc (2/2) D:9             Elf (0/3) Orc:2
Ossuary (visited)
  Swamp: Lair:2-3    Shoals: Lair:2-3

Altars:
Ashenzari
Cheibriados
Dithmenos
Elyvilon
Fedhas
Gozag
Hepliaklqana
Kikubaaqudgha
Makhleb
Nemelex Xobeh
Okawaru
Qazlal
Ru
Sif Muna
Trog
Uskayaw
Vehumet
Wu Jian
Xom
Yredelemnul
Zin
The Shining One
Lugonu

Shops:
D:2 [*   D:4 [   Orc:1 (   Orc:2 ?(?(*

Portals:
Abyss: D:10

Annotations:
D:6 1 runed translucent door, Crazy Yiuf
D:10 2 runed translucent doors
Lair:1 3 runed translucent doors, Dittersdorf's ghost, journeyman GrFi


Message History

The flame wave engulfs the death yak!!
The death yak is almost dead.
You finish channelling waves of flame.
The death yak closely misses you. The death yak gores you.
Casting: Flame Wave (mildly dangerous; 1% risk of failure)
Press: ? - help, Q - select action, (/) - cycle Dir - look around, f - activate A wave of flame ripples out!
The flame wave engulfs the death yak.
The death yak is severely wounded.
The flame wave engulfs the death yak!
You kill the death yak!
Sif Muna accepts your kill. (Press . to intensify the flame waves.)
The death yak gores you!
A wave of flame ripples out!
The flame wave engulfs the death yak.
The death yak is severely wounded.
The death yak gores you but does no damage.
A wave of flame ripples out!
The flame wave engulfs the death yak!
The death yak is almost dead.
You finish channelling waves of flame.
The death yak gores you.
Casting: Volatile Blastmotes (safe; 1% risk of failure)
Press: ? - help, Q - select action, (/) - cycle Dir - look around, f - activate A cloud of volatile blastmotes flares up around you!
The death yak barely misses you.
The cloud of blastmotes explodes!
The concussive blast engulfs the death yak.
The death yak is almost dead.
The concussive blast engulfs you! You resist.
* * * LOW HITPOINT WARNING * * *
You are knocked back by the blast.
Casting: Volatile Blastmotes (safe; 1% risk of failure)
Press: ? - help, Q - select action, (/) - cycle Dir - look around, f - activate A cloud of volatile blastmotes flares up around you!
The death yak attacks as you move away! The death yak gores you!
* * * LOW HITPOINT WARNING * * *
The cloud of blastmotes explodes!
The concussive blast engulfs the death yak!
You kill the death yak!
Sif Muna accepts your kill. The concussive blast engulfs you! You resist.
You die...

#.........#....###...
#.........#....##P...
#........##....###...
#......#.##..........
#........#...........
#...<................
#...............#....
#...†..#.............
#...@..##.#....##....
#................#...
#................##..
#....................
#######............#.
#..........###.
#..............
#..........###.
#..........# #.


There were no monsters in sight!

Vanquished Creatures
  A catoblepas (Lair:2)
  A boulder beetle (D:11)
  A centaur warrior (Orc:2)
  7 death yaks
  2 two-headed ogres (Orc:1)
  2 orc knights
  2 cyclopes
  A molten gargoyle (Lair:1)
  A gargoyle (D:10)
  Maggie (D:6)
  A komodo dragon (Lair:1)
  An unseen horror (D:10)
  A rime drake (Lair:1)
  Psyche (D:8)
  2 cane toads (Lair:1)
  2 trolls
  A hornet (D:11)
  8 blink frogs
  28 yaks
  3 wraiths
  3 wyverns
  Grum (D:8)
  A steam dragon (D:10)
  2 redbacks (Lair:2)
  2 wargs (Orc:1)
  An acid dragon (D:9)
  Duvessa (D:4)
  4 water moccasins
  2 sky beasts (D:7)
  2 black bears (D:5)
  34 orc warriors
  5 ogres
  2 wolves (D:8)
  13 centaurs
  Blork the orc (D:6)
  4 bullfrogs
  6 scorpions
  2 gnoll sergeants
  9 wights
  Dowan (D:4)
  3 killer bees (D:9)
  2 howler monkeys (D:11)
  4 hounds
  17 orc priests
  2 jellies
  A sleepcap (D:4)
  2 iguanas
  Ijyb (D:3)
  26 orc wizards
  Natasha (D:3)
  3 hell rats
  A mummy (Ossuary)
  Robin (D:3)
  16 gnolls
  12 adders
  10 river rats
  A shadow imp (D:8)
  4 ufetubi
  A dart slug (D:4)
  76 orcs
  5 endoplasms
  23 goblins
  7 hobgoblins
  6 jackals
  9 kobolds
  3 quokkas
  5 ball pythons
  2 bats (D:1)
  2 frilled lizards (D:1)
  5 giant cockroaches
  7 gnoll skeletons (Ossuary)
  7 kobold skeletons (Ossuary)
  11 orc skeletons (Ossuary)
  10 rats
449 creatures vanquished.

Vanquished Creatures (others)
  A wyvern (Lair:2)
  1021 foxfires
1022 creatures vanquished.

Grand Total: 1471 creatures vanquished

Notes
Turn   | Place    | Note
-------+----------+-------------------------------------------
     0 | D:1      | rabbitsville the Hill Orc Fire Elementalist began the quest
                  | for the Orb.
     0 | D:1      | Reached XP level 1. HP: 14/14 MP: 3/3
   216 | D:1      | Reached XP level 2. HP: 20/20 MP: 1/4
  1094 | D:2      | Reached XP level 3. HP: 26/26 MP: 3/6
  1097 | D:2      | Learned a level 2 spell: Scorch
  1424 | D:2      | Found Soatoheh's General Store.
  1524 | D:2      | Reached skill level 4 in Fire Magic
  1587 | D:2      | Found Loif's Antique Armour Shop.
  1859 | D:3      | Reached XP level 4. HP: 33/33 MP: 0/7
  1932 | D:3      | Noticed Natasha
  1939 | D:3      | Killed Natasha
  2074 | D:3      | Noticed Robin
  2167 | D:3      | Killed Robin
  2169 | D:3      | Reached XP level 5. HP: 33/38 MP: 3/9
  2283 | D:3      | Noticed Ijyb
  2288 | D:3      | Killed Ijyb
  2541 | D:4      | Noticed Duvessa
  2541 | D:4      | Noticed Dowan
  2816 | D:4      | Reached skill level 5 in Fire Magic
  2816 | D:4      | Reached XP level 6. HP: 40/45 MP: 1/10
  2965 | D:4      | Found Vole's Antique Armour Emporium.
  3280 | D:4      | Killed Duvessa
  3286 | D:4      | Killed Dowan
  3287 | D:4      | Reached XP level 7. HP: 38/50 MP: 7/12
  3381 | D:4      | Reached skill level 6 in Fire Magic
  3432 | D:4      | Reached skill level 1 in Translocations
  3954 | D:4      | Found a burning altar of Makhleb.
  4070 | D:5      | Entered Level 5 of the Dungeon
  4156 | D:5      | Reached XP level 8. HP: 57/57 MP: 7/14
  4159 | D:5      | Reached skill level 7 in Fire Magic
  4278 | D:5      | Reached skill level 5 in Spellcasting
  4521 | D:5      | Reached skill level 8 in Fire Magic
  5197 | D:5      | Found a sparkling altar of Nemelex Xobeh.
  5197 | D:5      | Found a transporter.
  5415 | D:6      | Reached XP level 9. HP: 62/62 MP: 12/17
  5532 | D:6      | Noticed Blork the orc
  5538 | D:6      | Killed Blork the orc
  5790 | D:6      | Found a shimmering altar of Xom.
  5808 | D:6      | Found a runed translucent door.
  5809 | D:6      | Noticed Crazy Yiuf
  6029 | D:6      | Noticed Maggie
  6040 | D:6      | Killed Maggie
  6041 | D:6      | Reached skill level 9 in Fire Magic
  6044 | D:6      | Found an iron altar of Okawaru.
  6268 | D:7      | Learned a level 3 spell: Volatile Blastmotes
  6400 | D:7      | Found a hide-covered altar of Uskayaw.
  6401 | D:7      | Found an ornate altar of the Wu Jian Council.
  6483 | D:7      | Found a sand-covered staircase.
  6492 | Ossuary  | Entered an ossuary
  7014 | D:7      | Found a stormy altar of Qazlal.
  7052 | D:7      | Identified the +0 ring mail "Puken" {rC+ rCorr Stlth-}
  7696 | D:7      | Found a staircase to the Ecumenical Temple.
  7705 | Temple   | Entered the Ecumenical Temple
  7724 | Temple   | Became a worshipper of Sif Muna the Loreminder
  7909 | D:8      | Reached skill level 10 in Fire Magic
  7938 | D:8      | Noticed Grum
  7945 | D:8      | Reached XP level 10. HP: 51/69 MP: 15/20
  7951 | D:8      | HP: 3/69 [Grum/-2 spear (9)]
  8233 | D:8      | Identified the +3 trident of Hepliaklqana's Esteem {vamp,
                  | rN+ Will+ rCorr}
  8412 | D:8      | Killed Grum
  8461 | D:8      | Noticed Psyche
  8490 | D:8      | Killed Psyche
  9224 | D:9      | Reached skill level 1 in Hexes
  9635 | D:8      | Reached * piety under Sif Muna
  9637 | D:8      | Reached skill level 11 in Fire Magic
  9783 | D:8      | Reached skill level 5 in Translocations
  9828 | D:8      | Learned a level 4 spell: Flame Wave
 10589 | D:9      | Found a staircase to the Orcish Mines.
 10630 | D:9      | Reached XP level 11. HP: 61/74 MP: 16/23
 10760 | D:9      | Found a blossoming altar of Fedhas.
 10760 | D:9      | Found a radiant altar of Vehumet.
 10775 | D:10     | Entered Level 10 of the Dungeon
 10981 | D:10     | Found a broken altar of Ashenzari.
 11107 | D:10     | Reached skill level 12 in Fire Magic
 11573 | D:10     | Reached ** piety under Sif Muna
 11680 | D:10     | Found a large runed translucent door.
 11680 | D:10     | Found a large runed translucent door.
 11868 | D:10     | Found a one-way gate to the infinite horrors of the Abyss.
 11868 | D:10     | Identified the +10 dagger of Xafoil {distort, rPois rC++
                  | Int+2}
 11868 | D:10     | Identified the +1 robe "Neufued" {Rampage Will++}
 11895 | D:10     | Found a corrupted altar of Lugonu.
 11895 | D:10     | Noticed a purple ugly thing
 11895 | D:10     | Noticed a white ugly thing
 12415 | D:11     | Noticed a death yak
 12420 | D:11     | Noticed a boulder beetle
 12534 | Orc:1    | Entered Level 1 of the Orcish Mines
 12534 | Orc:1    | Found Piecsatez's Weapon Emporium.
 12544 | Orc:1    | Found a bloodstained altar of Trog.
 12737 | Orc:1    | Noticed a two-headed ogre
 12928 | D:11     | Noticed a death yak
 12935 | D:11     | Noticed a death yak
 13141 | D:2      | Bought a shiny troll leather armour for 378 gold pieces
 13293 | D:5      | You fall into a shaft and drop 1 floor!
 13763 | Orc:1    | Killed a two-headed ogre
 13925 | Orc:2    | Entered Level 2 of the Orcish Mines
 14052 | Orc:2    | Found a staircase to the Elven Halls.
 14184 | Orc:1    | Noticed an orc knight
 14198 | Orc:1    | Killed an orc knight
 14595 | Orc:1    | Noticed a two-headed ogre
 14604 | Orc:1    | Killed a two-headed ogre
 14605 | Orc:1    | Reached skill level 13 in Fire Magic
 14877 | Orc:2    | Reached *** piety under Sif Muna
 14886 | Orc:2    | Reached skill level 5 in Hexes
 14892 | Orc:2    | Reached XP level 12. HP: 60/81 MP: 1/25
 15458 | Orc:2    | Found Bijumet's Magic Scroll Boutique.
 15458 | Orc:2    | Found Qoxuc's Antique Weapon Emporium.
 15460 | Orc:2    | Found Jarit's Weapon Shop.
 15462 | Orc:2    | Found Uline's Assorted Antiques.
 15477 | Orc:2    | Bought a scroll of teleportation for 45 gold pieces
 15496 | Orc:2    | Noticed a centaur warrior
 15535 | Orc:2    | Found Lungaann's Magic Scroll Shop.
 15715 | Orc:2    | Reached **** piety under Sif Muna
 15984 | Orc:2    | Killed a centaur warrior
 16153 | Orc:2    | Reached skill level 14 in Fire Magic
 16512 | D:11     | Killed a boulder beetle
 16512 | D:11     | HP: 2/81 [shot self (7)]
 16513 | D:11     | Reached skill level 10 in Spellcasting
 16513 | D:11     | Reached skill level 1 in Invocations
 16945 | D:11     | Killed a death yak
 17180 | D:11     | Killed a death yak
 17365 | D:11     | Found a staircase to the Lair.
 17650 | Lair:1   | Entered Level 1 of the Lair of Beasts
 17799 | Lair:1   | Reached skill level 5 in Conjurations
 17875 | Lair:1   | Noticed Dittersdorf's ghost (journeyman GrFi)
 17934 | Lair:1   | Reached skill level 1 in Transmutations
 17937 | Lair:1   | Reached XP level 13. HP: 73/86 MP: 2/27
 18303 | Lair:1   | Found a runed translucent gate.
 18304 | Lair:1   | Found a runed translucent gate.
 18305 | Lair:1   | Found a runed translucent gate.
 18595 | Lair:1   | Reached skill level 5 in Invocations
 18957 | Lair:1   | Learned a level 5 spell: Yara's Violent Unravelling
 19415 | Lair:2   | Found a hole to the Spider Nest.
 20002 | Lair:1   | Killed themself with a badly aimed concussive blast

Illustrated notes

Levels and vault maps discovered:
D:1:      amcnicky_arrival_single_pillar, layout_basic, grunt_decor_resistance,
          kennysheep_another_room, minmay_ruptured
D:2:      layout_loops_ring, serial_shops, shop, shop,
          chequers_serial_rivers_small_b
D:3:      layout_basic, uniq_ijyb, uniq_robin, uniq_natasha
D:4:      minmay_opposing_rooms, layout_basic, bloody_makhleb,
          nicolae_take_the_stairs, uniq_duvessa
D:5:      layout_basic, grunt_nemelex_the_gamble, nicolae_fountain_basement
D:6:      layout_rooms, kennysheep_mini_moat, kennysheep_okawaru_gauntlet,
          uniq_blork_the_orc, uniq_maggie, uniq_crazy_yiuf_cottage
D:7:      layout_cave_pods, nicolae_qazlal_beasts_of_the_sky,
          gammafunk_temple_overflow_pools, minmay_temple_entry_hall,
          enter_ossuary_1, lightli_bailey_entry_fortress,
          corexii_leaking_fountain
D:8:      layout_basic, hangedman_abyss_or_decor_lesser_grid, uniq_grum,
          uniq_psyche
D:9:      layout_rooms, gammafunk_temple_overflow_elements, hiddenorc1_lemuel
D:10:     due_chaos_kobolds, layout_layer_cave, mainiacjoe_overflow_chevrons
D:11:     layout_roguey, dpeg_lair_monsters
Temple:   nicolae_temple_no_exploring_needed
Lair:1:   layout_gridlike, gammafunk_ghost_icy
Lair:2:   layout_big_grid, spider_nest_entry_webs, kennysheep_rathole
Orc:1:    layout_caves, serial_shops, nicolae_shop_bloodbath_and_beyond,
          basic_altar
Orc:2:    st_orc_rangers, layout_caves, serial_shops, nicolae_shop_crystal

Skill      XL: |  1  2  3  4  5  6  7  8  9 10 11 12 13 |
---------------+----------------------------------------+-----
Spellcasting   | 2 3 4 5 6 8 9 10 | 10.0
Fire Magic     | 4 5 6 8 10 11 13 14 | 14.0
Conjurations   | 2 5 6 |  6.3
Translocations | 1 3 4 5 |  5.0
Hexes          | 2 5 7 |  7.5
Invocations    | 4 6 |  6.3
Transmutations | 1 3 |  3.8
Dodging        | |  1.5
Stealth        | |  1.5

Action                     |  1- 3 |  4- 6 |  7- 9 | 10-12 | 13-15 || total
---------------------------+-------+-------+-------+-------+-------++-------
  Melee: Dagger            |    14 |       |       |       |       ||    14
         Punch             |     1 |       |       |     1 |       ||     2
         Staff             |     9 |     5 |    21 |     1 |       ||    36
         Trident           |       |       |       |    13 |     8 ||    21
   Cast: Foxfire           |    49 |    74 |   291 |   171 |     3 ||   588
         Scorch            |       |    10 |    15 |    52 |       ||    77
         Volatile Blastmot |       |       |     3 |    65 |    32 ||   100
         Flame Wave        |       |       |       |    66 |    25 ||    91
  Evoke: Wand              |       |       |       |    16 |       ||    16
    Use: Potion            |       |     2 |       |     3 |     2 ||     7
         Scroll            |       |       |       |    13 |     2 ||    15
   Stab: Sleeping          |     2 |       |       |       |       ||     2
 Armour: Robe              |     2 |     5 |    32 |    33 |       ||    72
         Troll leather arm |       |       |       |    88 |    44 ||   132
  Dodge: Dodged            |    15 |    17 |    70 |   237 |    41 ||   380

Table legend: (Time is in decaauts)
 A = Elapsed time spent in this place.
 B = Non-inter-level travel time spent in this place.
 C = Inter-level travel time spent in this place.
 D = Time resting spent in this place.
 E = Time spent auto-exploring this place.
 F = Levels seen in this place.
 G = Mean time per level.
                   A        B        C        D        E       F      G
               +--------+--------+--------+--------+--------+-----+--------+
         Total |  20130 |  18952 |   1178 |   3170 |  10596 |  17 | 1184.1 |
       Dungeon |  14264 |  13270 |    994 |   1910 |   8464 |  11 | 1296.7 |
        Temple |     26 |     20 |      6 |      0 |      0 |   1 |   26.0 |
          Lair |   2204 |   2134 |     70 |    384 |    929 |   2 | 1102.0 |
  Orcish Mines |   3231 |   3123 |    108 |    861 |   1010 |   2 | 1615.5 |
       Ossuary |    403 |    403 |      0 |     15 |    193 |   1 |  403.0 |
               +--------+--------+--------+--------+--------+-----+--------+

Top non-repeatable levels by time:
    D:10: 2106 daAuts
     D:4: 1846 daAuts
     D:8: 1815 daAuts
   Orc:1: 1643 daAuts
   Orc:2: 1587 daAuts
     D:7: 1510 daAuts
  Lair:1: 1339 daAuts
     D:5: 1288 daAuts
     D:9: 1258 daAuts
     D:1: 1089 daAuts
    D:11: 972 daAuts
  Lair:2: 865 daAuts
     D:3: 801 daAuts
     D:2: 790 daAuts
     D:6: 785 daAuts
